 Dungeon Crawl Stone Soup version 0.30.1-9-gdf580d7c3d (webtiles) character file.

Game seed: 6118206482088437031

238 Ivernyr the Shield-Bearer (level 6, -4/49 HPs)
             Began as a Formicid Fighter on Oct 12, 2023.
             Slain by a worm (9 damage)
             ... on level 2 of the Dungeon.
             The game lasted 00:02:26 (1184 turns).

Ivernyr the Shield-Bearer (Formicid Fighter)        Turns: 1184, Time: 00:02:27

Health: -4/49      AC:  7    Str: 20    XL:     6   Next: 28%
Magic:  6/6        EV:  9    Int:  8    God:
Gold:   89         SH:  5    Dex: 15    Spells: 5/5 levels left

rFire   . . .        a - +0 long sword
rCold   . . .        c - +0 buckler
rNeg    . . .        b - +0 scale mail
rPois   .            (helmet unavailable)
rElec   .            (no cloak)
rCorr   .            (no gloves)
SInv    +            (no boots)
Will    .....        (no amulet) Stlth
                     (no ring)
HPRegen 0.28/turn    (no ring)
MPRegen 0.10/turn

%: no passive effects
@: mighty
A: permanent stasis, dig shafts and tunnels, antennae 3, four strong arms
a: Dig, Shaft Self


You were on level 2 of the Dungeon.
You visited 1 branch of the dungeon, and saw 2 of its levels.

You collected 89 gold pieces.

Inventory:

Hand Weapons
 a - a +0 long sword (weapon)
Armour
 b - a +0 scale mail (worn)
 c - a +0 buckler (worn)
Potions
 d - a potion of might
 e - a potion of degeneration {unknown}
 f - a potion of flight {unknown}
 g - a potion of brilliance {unknown}


   Skills:
 + Level 4.3 Fighting
 * Level 4.1 Long Blades
 + Level 4.3 Armour
 + Level 5.2 Shields


You had 5 spell levels left.
You didn't know any spells.
Your spell library was empty.

Dungeon Overview and Level Annotations

Branches:
Dungeon (2/15)

Altars:


Innate Abilities, Weirdness & Mutations

You cannot be hasted, slowed, berserked, paralysed or teleported.
You can dig through walls and to a lower floor.
You have a pair of large antennae on your head. (SInv)
Your four strong arms can wield two-handed weapons with a shield.


Message History

The ball python barely misses you. Sigmund hits you with a +0 scythe.
* * * LOW HITPOINT WARNING * * *
You feel less confused. The ball python closely misses you.
The ball python grabs you. The ball python constricts you.
* * * LOW HITPOINT WARNING * * *
You escape the ball python's grasp.
The worm barely misses you.
Found a stone staircase leading down.
There is a stone staircase leading down here.
You closely miss the ball python. You block the ball python's attack.
The ball python barely misses you.
Sigmund hits you from afar with a +0 scythe.
* * * LOW HITPOINT WARNING * * *
You barely miss the ball python.
The ball python bites you but does no damage.
The ball python barely misses you.
The ball python bites you but does no damage.
The ball python closely misses you.
You slash the ball python!
You kill the ball python!
Sigmund hits you but does no damage.
Sigmund points at you and mumbles some strange words.
You resist with some effort. Sigmund closely misses you.
There is a stone staircase leading down here.
You slice Sigmund!!
You kill Sigmund!
Your Fighting skill increases to level 4!
Your Long Blades skill increases to level 4!
Your Armour skill increases to level 4!
Your Shields skill increases to level 5!
You have reached level 5!
You have reached level 6!
You slash the worm!
The worm is heavily wounded.
You block the worm's attack.
You hit the worm.
The worm is severely wounded.
The worm bites you!
You die...

................
#................
#................ .
#................ ..
...................
#.................
##......g# .....
###......#w###......
##.....w.##.@........
...#...g.#####.......
...#.....#... ..##...
.........#># #..# .
.........†.# ..... #.
..........## ......#.
..........# ...#.#.#
..........###
#.......#####
............###.#
#.........#


You could see a worm and a goblin.

Vanquished Creatures
  Sigmund (D:2)
  Terence (D:2)
  4 orcs (D:2)
  3 endoplasms (D:1)
  2 giant cockroaches (D:1)
  2 hobgoblins
  8 jackals
  2 quokkas
  2 ball pythons
  4 bats (D:1)
  A frilled lizard (D:2)
  4 goblins
  2 kobolds (D:1)
  5 rats (D:1)
41 creatures vanquished.

Notes
Turn   | Place    | Note
-------+----------+-------------------------------------------
     0 | D:1      | Ivernyr the Formicid Fighter began the quest for the Orb.
     0 | D:1      | Reached XP level 1. HP: 18/18 MP: 1/1
   191 | D:1      | Found a faded altar of an unknown god.
   222 | D:1      | Reached XP level 2. HP: 18/24 MP: 2/2
   396 | D:1      | Reached XP level 3. HP: 29/29 MP: 3/3
   978 | D:2      | Noticed Terence
   992 | D:2      | Killed Terence
   993 | D:2      | Reached XP level 4. HP: 15/37 MP: 4/4
  1147 | D:2      | Noticed Sigmund
  1176 | D:2      | HP: 1/37 [Sigmund/+0 scythe (3)]
  1182 | D:2      | Killed Sigmund
  1183 | D:2      | Reached skill level 5 in Shields
  1183 | D:2      | Reached XP level 5. HP: 4/43 MP: 5/5
  1183 | D:2      | Reached XP level 6. HP: 4/49 MP: 6/6
  1184 | D:2      | Slain by a worm

Illustrated notes

Levels and vault maps discovered:
D:1:      co_arrival_square_in_a_square_in_a_square, layout_loops_corners,
          ebering_ecumenical_altar_hall
D:2:      layout_rooms, nicolae_eternal_life, uniq_crazy_yiuf_cottage,
          uniq_robin, uniq_terence, uniq_sigmund

Skill      XL: |  1  2  3  4 |
---------------+-------------+-----
Long Blades    | 3 4 |  4.1
Fighting       | 4 |  4.3
Armour         | 4 |  4.3
Shields        | 5 |  5.2

Action                     |  1- 3 |  4- 6 || total
---------------------------+-------+-------++-------
  Melee: Long sword        |    74 |    47 ||   121
    Use: Potion            |       |     1 ||     1
 Armour: Scale mail        |    46 |    20 ||    66
  Dodge: Dodged            |    31 |    25 ||    56
  Block: Buckler           |    22 |    12 ||    34
